 Dungeon Crawl Stone Soup version 0.26-a0-664-gc8b27b8 (webtiles) character file.

Game seed: 6951638844068827037

692 Mopster the Skirmisher (level 7, -6/66 HPs)
             Began as a Gargoyle Berserker on Oct 12, 2020.
             Was a Priest of Trog.
             Killed by divine providence
             ... invoked by an orc priest
              (14 damage)
             ... on level 4 of the Dungeon.
             The game lasted 00:23:39 (4800 turns).

Mopster the Skirmisher (Gargoyle Berserker)         Turns: 4800, Time: 00:23:41

Health: -6/66      AC: 17    Str: 20 (23) XL:     7   Next: 63%
Magic:  7/7        EV:  7    Int:  5 (7)  God:    Trog [***...]
Gold:   160        SH: 13    Dex:  4 (9)  Spells: 6/6 levels left

rFire    . . .     SeeInvis .   d - +1 war axe
rCold    + . .     Faith    +   e - +0 tower shield
rNeg     + . .     Spirit   .   i - +2 ring mail {rC+}
rPois    ∞         Reflect  .   q - +0 helmet
rElec    +         Harm     .   g - scarf {repulsion}
rCorr    +         Rampage  .   j - +2 pair of gloves
MR       .....                  (no boots)
Stlth    ..........             u - amulet of faith
HPRegen  0.21/turn              f - ring of resist corrosion
MPRegen  0.10/turn              (no ring)

@: berserking, about to teleport, repel missiles, very quick
A: negative energy resistance 1, electricity resistance, unbreathing,
petrification resistance, rot immunity, AC +4
a: Berserk, Trog's Hand, Renounce Religion


You were on level 4 of the Dungeon.
You worshipped Trog.
Trog was most pleased with you.
You visited 1 branch of the dungeon, and saw 4 of its levels.
You also visited: Sewer.

You collected 160 gold pieces.

Inventory:

Hand Weapons
 a - a +0 mace
 d - a +1 war axe (weapon)
 n - a +0 flail
Armour
 e - a +0 tower shield (worn)
 g - a scarf of repulsion (worn)
 i - a +2 ring mail of cold resistance (worn)
 j - a +2 pair of gloves (worn)
 k - a +0 leather armour
 p - a +0 troll leather armour {Purgy}
 q - a +0 helmet (worn)
 v - a +0 pair of boots
Jewellery
 f - a ring of resist corrosion (left hand)
 r - an uncursed ring of resist corrosion
 t - an uncursed ring of ice
 u - an amulet of faith (around neck)
Wands
 s - a wand of iceblast (7)
Scrolls
 b - a scroll of remove curse
 l - a scroll of amnesia {unknown}
 w - 2 scrolls of immolation {unknown}
Potions
 c - 7 potions of curing
 h - 2 potions of stabbing {unknown}
 o - 2 potions of flight


   Skills:
 * Level 5.0 Fighting
 + Level 0.7(2.6) Axes
 + Level 4.4(4.5) Maces & Flails
 * Level 4.0 Armour
 * Level 3.2 Dodging
 + Level 0.1 Stealth
 * Level 4.4 Shields


You had 6 spell levels left.
You didn't know any spells.
Your spell library was empty.

Dungeon Overview and Level Annotations

Branches:
Dungeon (4/15)              Sewer (visited)
 Temple: D:4-7

Altars:
Fedhas
Makhleb
Okawaru
Wu Jian

Annotations:
D:4 1 transporter, Gigglenaut's ghost, novice DrTm


Innate Abilities, Weirdness & Mutations

You are resistant to torment.
Your stone body is resilient. (AC +4)
You are immune to poison.
You resist negative energy. (rN+)
You are resistant to electric shocks. (rElec)
You can survive without breathing.
You are immune to petrification.
You are immune to rotting.


Message History

The orc wizard is almost dead.
The orc wizard casts a spell at you.
The magic dart hits you but does no damage.
You closely miss the orc wizard.
The orc wizard is almost dead.
The orc wizard looks braver for a moment.
The orc wizard mumbles some strange words.
The orc wizard seems to speed up.
The orc priest calls down the wrath of Beogh upon you.
Beogh smites you!
* * * LOW HITPOINT WARNING * * *
As you read the scroll of teleportation, it crumbles to dust.
You feel strangely unstable. The orc wizard barely misses you.
A red film seems to cover your vision as you go berserk!
You feel yourself moving faster!
You feel mighty! You block the orc wizard's attack.
The orc wizard hits you but does no damage.
The orc priest calls down the wrath of Beogh upon you.
Beogh smites you!
You die...

.##..#.....#......#
.##..########<##.##
.##..# #.##.#
.##..# #.##.#
.....########.##.#
##............##.#
...#.###########.#
####.### #.#
....)..# #@#
####)#.# #o# #.#.#
#o# #.#.# #o# #.#.#
.o# #.#)# #.# #.#.#
### #.#.# #
#.#.####


You could see an orc priest, an orc wizard (fast) and 2 orcs.

Vanquished Creatures
  Purgy (Sewer)
  An ogre (D:4)
  2 orc priests (D:4)
  2 orc wizards (D:4)
  A centaur skeleton (D:4)
  Ijyb (D:3)
  2 worker ants (D:4)
  Terence (D:2)
  A hound zombie (D:2)
  Robin (D:3)
  4 gnolls (D:4)
  A river rat (D:3)
  6 adders
  3 oozes
  6 worms
  A dart slug (D:3)
  3 leopard geckos
  9 orcs
  A ball python (D:3)
  3 giant cockroaches
  25 goblins
  6 hobgoblins
  7 jackals
  A quokka (D:4)
  9 bats
  7 frilled lizards
  11 kobolds
  6 rats
122 creatures vanquished.

Notes
Turn   | Place    | Note
-------+----------+-------------------------------------------
     0 | D:1      | Mopster the Gargoyle Berserker began the quest for the Orb.
     0 | D:1      | Reached XP level 1. HP: 14/14 MP: 1/1
   438 | D:1      | Reached XP level 2. HP: 15/19 MP: 2/2
  1499 | D:2      | Reached XP level 3. HP: 24/24 MP: 3/3
  1527 | D:2      | Reached skill level 4 in Fighting
  1600 | D:2      | Noticed Terence
  1615 | D:2      | Killed Terence
  1615 | D:2      | Reached XP level 4. HP: 29/29 MP: 4/4
  1993 | D:2      | Reached ** piety under Trog
  2340 | D:2      | Reached skill level 1 in Shields
  2357 | D:2      | Found a burning altar of Makhleb.
  2371 | D:2      | Reached XP level 5. HP: 34/34 MP: 5/5
  2515 | D:3      | Noticed Jessica
  2590 | D:3      | Found a glowing drain.
  2664 | Sewer    | Entered a sewer
  2729 | Sewer    | Noticed Purgy
  2750 | Sewer    | Killed Purgy
  2750 | Sewer    | Reached XP level 6. HP: 28/39 MP: 6/6
  2933 | D:3      | Found a blossoming altar of Fedhas.
  2935 | D:3      | Found an ornate altar of the Wu Jian Council.
  3019 | D:3      | Noticed Robin
  3064 | D:3      | Killed Robin
  3068 | D:3      | Reached *** piety under Trog
  3199 | D:3      | Noticed Ijyb
  3217 | D:3      | Killed Ijyb
  3221 | D:3      | Found a faded altar of an unknown god.
  3657 | D:4      | Reached XP level 7. HP: 21/44 MP: 7/7
  3894 | D:4      | Found a transporter.
  3901 | D:4      | Found a transporter.
  3904 | D:4      | Noticed Gigglenaut's ghost (novice DrTm)
  3925 | D:4      | Found an iron altar of Okawaru.
  4401 | D:4      | Reached skill level 5 in Fighting
  4800 | D:4      | Killed from afar by an orc priest

Illustrated notes

Levels and vault maps discovered:
D:1:      eino_arrival_druids_welcome, layout_basic
D:2:      layout_basic, overflow_temple_1_default, wad_floor_pattern_untrapped,
          kennysheep_generic_room_15, uniq_terence
D:3:      layout_loops_ring, lemuel_doored_altar, overflow_temple_1_default,
          chequers_ecumenical_altar_lobes, cheibrodos_sewer_entry_sluice,
          uniq_robin, uniq_ijyb, uniq_jessica
D:4:      layout_basic, nicolae_overflow_hidden_temple,
          gammafunk_ghost_stat_death, kennysheep_okawaru_gauntlet

Skill      XL: |  1  2  3  4  5  6  7 |
---------------+----------------------+-----
Fighting       | 4 5 |  5.0
Dodging        | 2 3 |  3.2
Armour         | 3 4 |  4.0
Shields        | 1 2 3 4 |  4.4
Maces & Flails | 4 |  4.4
Axes           | |  0.7
Stealth        | |  0.1

Action                   |  1- 3 |  4- 6 |  7- 9 || total
-------------------------+-------+-------+-------++-------
Melee: Mace              |    98 |   336 |   102 ||   536
       War axe           |       |       |    63 ||    63
Invok: Berserk           |     1 |       |     2 ||     3
  Use: Scroll            |     1 |     2 |     6 ||     9
       Potion            |       |       |     6 ||     6
Armor: Animal skin       |    33 |     3 |       ||    36
       Ring mail         |       |   233 |   387 ||   620
Dodge: Dodged            |    61 |   109 |   185 ||   355
       Repelled          |       |     1 |       ||     1
Block: Tower shield      |    11 |   317 |   318 ||   646

Table legend: (Time is in decaauts)
 A = Elapsed time spent in this place.
 B = Non-inter-level travel time spent in this place.
 C = Inter-level travel time spent in this place.
 D = Time resting spent in this place.
 E = Time spent auto-exploring this place.
 F = Levels seen in this place.
 G = Mean time per level.
                   A        B        C        D        E       F      G
               +--------+--------+--------+--------+--------+-----+--------+
         Total |   5013 |   4466 |    547 |      0 |   2962 |   5 | 1002.6 |
       Dungeon |   4726 |   4179 |    547 |      0 |   2862 |   4 | 1181.5 |
         Sewer |    287 |    287 |      0 |      0 |     99 |   1 |  287.0 |
               +--------+--------+--------+--------+--------+-----+--------+

Top non-repeatable levels by time:
     D:1: 1502 daAuts
     D:4: 1244 daAuts
     D:2: 1083 daAuts
     D:3: 896 daAuts
   Sewer: 287 daAuts
